 Dungeon Crawl Stone Soup version 0.19.1-1-g22dce08 (webtiles) character file.

676 somonday the Reanimator (level 7, 0/46 HPs)
             Began as a Mummy Necromancer on Jan 18, 2017.
             Was an Initiate of Sif Muna.
             Slain by an orc warrior
             ... wielding a +0 hand axe
              (15 damage)
             ... in the Ecumenical Temple.
             The game lasted 00:57:08 (9289 turns).

somonday the Reanimator (Mummy Necromancer)         Turns: 9289, Time: 00:57:09

Health: 0/46       AC:  2    Str: 20    XL:     7   Next: 33%
Magic:  10/11      EV: 12    Int: 16    God:    Sif Muna [......]
Gold:   302        SH:  0    Dex: 12    Spells: 3 memorised, 7 levels left

rFire  x . .     SeeInvis .     l - +3 dagger (speed)
rCold  + . .     Gourm    .     a - +0 robe
rNeg   + + +     Faith    +     (no shield)
rPois  ∞         Spirit   .     (no helmet)
rElec  .         Reflect  .     (no cloak)
rCorr  .         Harm     .     (no gloves)
MR     .....                    (no boots)
Stlth  ++........               m - amulet of faith
                                n - +4 ring of strength
                                i - +4 ring of strength

@: no status effects
A: no food or potions, fire vulnerability, cold resistance 1, negative energy
resistance 3, torment resistance, unbreathing
a: Renounce Religion


You were in the Ecumenical Temple.
You worshipped Sif Muna.
Sif Muna was noncommittal.
You were not hungry.

You visited 2 branches of the dungeon, and saw 7 of its levels.

You collected 302 gold pieces.

Inventory:

Hand Weapons
 l - a +3 dagger of speed (weapon)
 o - a +2 dagger of freezing
 p - a +0 long sword
Armour
 a - a +0 robe (worn)
Magical Staves
 d - an uncursed staff of air
 h - an uncursed staff of summoning
Jewellery
 i - a +4 ring of strength (left hand)
 j - an uncursed ring of flight
 m - an amulet of faith (around neck)
 n - a +4 ring of strength (right hand)
Wands
 c - a wand of random effects (10/48)
 g - a wand of random effects (27/48)
 k - a wand of enslavement (18/24)
Scrolls
 e - a scroll of remove curse
 f - 2 scrolls of immolation
Books
 b - a book of Necromancy

   Spells                             Type                      Level
   a - Pain                           Necromancy                   1
   b - Animate Skeleton               Necromancy                   1
   c - Vampiric Draining              Necromancy                   3
   d - Regeneration                   Charms/Necromancy            3
   e - Animate Dead                   Necromancy                   4
   f - Control Undead                 Necromancy                   4


   Skills:
 - Level 1.0(1.2) Short Blades
 - Level 1.0(1.2) Long Blades
 - Level 2.1 Dodging
 - Level 1.5 Stealth
 + Level 3.2 Spellcasting
 - Level 8.0 Necromancy


You had 7 spell levels left.
You knew the following spells:

 Your Spells              Type           Power        Failure   Level  Hunger
a - Pain                  Necr           ####         1%          1    N/A
b - Animate Skeleton      Necr           N/A          1%          1    N/A
c - Vampiric Draining     Necr           ####......   1%          3    N/A

Dungeon Overview and Level Annotations

Branches:
Dungeon (6/15)             Temple (1/1) D:6

Altars:
Ashenzari
Cheibriados
Dithmenos
Elyvilon
Fedhas
Gozag
Hepliaklqana
Kikubaaqudgha
Makhleb
Nemelex Xobeh
Okawaru
Qazlal
Ru
Sif Muna
Trog
Uskayaw
Vehumet
Xom
Yredelemnul
Zin
The Shining One

Shops:
D:4 }

Annotations:
D:3 Exporg's ghost, amateur MiFi


Innate Abilities, Weirdness & Mutations

You do not eat or drink.
Your flesh is vulnerable to fire.
You are immune to poison.
Your flesh is cold resistant. (rC+)
You are immune to negative energy. (rN+++)
You are immune to unholy pain and torment.
You can survive without breathing.


Message History

Casting: Pain
Confirm with . or Enter, or press ? or * to list all spells.
You can't see any susceptible monsters within range! (Use Z to cast anyway.)
Casting: Pain
Confirm with . or Enter, or press ? or * to list all spells.
Aiming: Pain
Press: ? - help, Shift-Dir - straight line, f/p - orc warrior
Aim: an orc warrior, wielding a hand axe and wearing a plate armour (heavily wounded, in your thrall, friendly, chance to defeat MR: 84%) Really fire at your orc warrior?
Uppercase [Y]es or [N]o only, please.
Really fire at your orc warrior?
The orc warrior is no longer charmed.
The orc warrior barely resists.
The orc warrior hits you with a hand axe.
Zapping:
k - a wand of enslavement {zapped: 2} (will waste charges)
Press: ? - help, Shift-Dir - straight line, f/p - orc warrior
Aim: an orc warrior, wielding a hand axe and wearing a plate armour (heavily wounded, chance to defeat MR: 46%)
The orc warrior resists with some effort.
Evoking this partially-identified wand wasted a few charges.
The orc warrior hits you with a hand axe!
You die...

..#.#...........### ###.
.....#............### ###...
..._.......###......### ###.....
.#...#...##...##......####.......
..#.#...#.......#...............#
_.......#.......#...............#
..#.#..#.........#.............#.
.#.....#....<....#.....#.#.....#.
.......#........@#..#.#...##...#.
........#.......#o......_...#...#
........#.......#...#.#...#.#...#
###......##...##...#...#.....#...
###......###......._....._.....
###............#.....#...#...
###...........#.#...#.#....
#####.......#..._........
###......##...#.#....


You could see an orc warrior.

Vanquished Creatures
  A phantom (D:4)
  A scorpion (D:5)
  A crimson imp (D:4)
  A centaur zombie (D:5)
  A bullfrog zombie (D:4)
  A hound (D:4)
  A jelly (D:5)
  A bullfrog skeleton (D:5)
  Ijyb (D:3)
  An iguana (D:5)
  A worker ant (D:5)
  A howler monkey zombie (D:6)
  A worker ant zombie (D:5)
  3 gnolls (D:3)
  6 adders
  4 oozes
  An adder skeleton (D:4)
  A dart slug (D:3)
  A leopard gecko (D:2)
  7 orcs
  10 bats
  5 giant cockroaches
  7 goblins
  12 hobgoblins
  6 jackals (D:5)
  2 quokkas
  A ball python (D:3)
  7 frilled lizards
  2 goblin skeletons (D:4)
  2 hobgoblin zombies (D:4)
  11 kobolds
  A kobold skeleton (D:4)
  A kobold zombie (D:4)
  A leopard gecko skeleton (D:4)
  2 orc zombies (D:4)
  A quokka skeleton (D:3)
  8 rats
115 creatures vanquished.

Vanquished Creatures (collateral kills)
  Blork the orc (D:4)
  2 adders
  A dart slug (D:2)
  A frilled lizard (D:2)
  A kobold (D:2)
6 creatures vanquished.

Grand Total: 121 creatures vanquished

Notes
Turn   | Place    | Note
-------+----------+-------------------------------------------
     0 | D:1      | somonday the Mummy Necromancer began the quest for the Orb.
     0 | D:1      | Reached XP level 1. HP: 13/13 MP: 3/3
   191 | D:1      | Reached XP level 2. HP: 2/19 MP: 0/5
   868 | D:1      | Reached XP level 3. HP: 24/24 MP: 2/6
   975 | D:1      | Learned a level 1 spell: Animate Skeleton
  1097 | D:2      | Found a bloodstained altar of Trog.
  1383 | D:2      | Reached skill level 5 in Necromancy
  1568 | D:2      | Reached XP level 4. HP: 22/30 MP: 2/7
  2609 | D:3      | Noticed Exporg's ghost (amateur MiFi)
  2986 | D:3      | Found an iron altar of Okawaru.
  3092 | D:3      | Reached skill level 1 in Short Blades
  3092 | D:3      | Reached XP level 5. HP: 33/35 MP: 2/8
  3094 | D:3      | Found an opulent altar of Gozag.
  3109 | D:3      | Noticed Ijyb
  3142 | D:3      | Found a shimmering altar of Xom.
  3143 | D:3      | Found a hide-covered altar of Uskayaw.
  3166 | D:3      | Killed Ijyb
  3166 | D:3      | Reached skill level 6 in Necromancy
  3172 | D:3      | Learned a level 3 spell: Vampiric Draining
  3980 | D:4      | Found a glowing golden altar of the Shining One.
  4318 | D:5      | Entered Level 5 of the Dungeon
  4468 | D:4      | Reached skill level 1 in Long Blades
  4468 | D:4      | Reached XP level 6. HP: 16/41 MP: 9/9
  4701 | D:4      | Noticed Blork the orc
  4711 | D:4      | Killed Blork the orc
  4711 | D:4      | Reached skill level 7 in Necromancy
  5240 | D:4      | Found Roezekos's Gadget Shop.
  6011 | D:5      | Reached skill level 8 in Necromancy
  6011 | D:5      | Reached XP level 7. HP: 46/46 MP: 6/10
  9012 | D:6      | Found a staircase to the Ecumenical Temple.
  9050 | Temple   | Entered the Ecumenical Temple
  9192 | Temple   | Became a worshipper of Sif Muna the Loreminder
  9289 | Temple   | Slain by an orc warrior

Skill      XL: |  1  2  3  4  5  6  7 |
---------------+----------------------+-----
Dodging        | 2 |  2.1
Necromancy     | 5 6 8 |  8.0
Short Blades   | 1 |  1.0
Long Blades    | 1 |  1.0
Spellcasting   | 3 |  3.2
Stealth        | |  1.5

Action                   |  1- 3 |  4- 6 |  7- 9 || total
-------------------------+-------+-------+-------++-------
Melee: Dagger            |    38 |    67 |    56 ||   161
       Long sword        |       |   135 |       ||   135
 Cast: Pain              |    61 |   100 |    15 ||   176
       Animate Skeleton  |    10 |    16 |       ||    26
Evoke: Wand              |       |       |     2 ||     2
  Use: Scroll            |       |     8 |       ||     8
 Stab: Sleeping          |     1 |     1 |       ||     2
       Distracted        |       |     1 |       ||     1
Armor: Robe              |    12 |    18 |     5 ||    35
Dodge: Dodged            |    24 |   134 |    20 ||   178
       Rpst.: Long sword |       |    23 |       ||    23
